 Dungeon Crawl Stone Soup version 0.24-a0-479-g9a978d2894 (webtiles) character file.

Game seed: 14637602576890321938

4588 gruber the Carver (level 10, -16/55 HPs)
             Began as a Vine Stalker Fighter on July 8, 2019.
             Was a Follower of Okawaru.
             Splashed by an acid dragon's acid (17 damage)
             ... on level 12 of the Dungeon.
             The game lasted 00:13:38 (7295 turns).

gruber the Carver (Vine Stalker Fighter)            Turns: 7295, Time: 00:13:39

Health: -16/55     AC:  8    Str: 27    XL:     10   Next: 41%
Magic:  0/14       EV: 13    Int:  8    God:    Okawaru [*.....]
Gold:   433        SH: 14    Dex: 13    Spells: 9/9 levels left

rFire    + . .     SeeInvis .   a - +0 long sword
rCold    . . .     Gourm    .   c - +0 shield
rNeg     . . .     Faith    .   F - +3 ring mail {rF+}
rPois    +         Spirit   +   G - +0 hat
rElec    .         Reflect  .   (no cloak)
rCorr    .         Harm     .   e - +1 pair of gloves
MR       +....                  (no boots)
Stlth    ++........             d - amulet of magic regeneration
HPRegen  0.58/turn              x - ring of poison resistance
MPRegen  0.39/turn              z - +4 ring of strength

@: heroism, corroded
A: fangs 3, regeneration 1, magic shield, antimagic bite, no potion heal 3, rot
immunity
a: Heroism, Renounce Religion


You were on level 12 of the Dungeon.
You worshipped Okawaru.
Okawaru was aware of your devotion.
You were hungry.

You visited 2 branches of the dungeon, and saw 11 of its levels.

You collected 615 gold pieces.
You spent 182 gold pieces at shops.

Inventory:

Hand Weapons
 a - a +0 long sword (weapon)
Armour
 c - a +0 shield (worn)
 e - a +1 pair of gloves (worn)
 F - a +3 ring mail of fire resistance (worn)
 G - a +0 hat (worn)
Jewellery
 d - an amulet of magic regeneration (around neck)
 l - an uncursed ring of protection from magic
 x - a ring of poison resistance (left hand)
 y - a +3 ring of intelligence
 z - a +4 ring of strength (right hand)
Wands
 t - a wand of polymorph (9)
 v - a wand of random effects (33)
 A - a wand of acid (19)
Scrolls
 h - 5 scrolls of remove curse
 i - 6 scrolls of teleportation
 k - a scroll of identify
 m - a scroll of magic mapping {unknown}
 n - 4 scrolls of enchant weapon {unknown}
 o - 2 scrolls of immolation {unknown}
 p - 2 scrolls of amnesia {unknown}
 r - a scroll of enchant armour {unknown}
 s - 4 scrolls of blinking {unknown}
 w - 2 scrolls of fog {unknown}
Potions
 b - a potion of flight
 g - a potion of degeneration
 j - 2 potions of heal wounds
 q - 2 potions of curing
 u - a potion of mutation
 B - 4 potions of magic
 C - 2 potions of brilliance
 E - a potion of lignification {unknown}
 H - a potion of resistance
Comestibles
 f - 13 rations


   Skills:
 - Level 7.1(12.1) Fighting
 - Level 8.0(13.0) Long Blades
 * Level 3.3(8.3) Armour
 - Level 8.0(13.0) Shields
 - Level 5.0 Invocations


You had 9 spell levels left.
You didn't know any spells.
Your spell library contained the following spells:

 Spells                   Type           Power        Failure   Level  Hunger
 Corona                   Hex            #......      61%         1    ##.....
 Flame Tongue             Conj/Fire      #....        61%         1    ##.....
 Ensorcelled Hibernation  Hex/Ice        #.....       75%         2    ###....
 Throw Flame              Conj/Fire      #.....       75%         2    ###....
 Confuse                  Hex            #.......     93%         3    ####...
 Conjure Flame            Conj/Fire      #.......     93%         3    ####...
 Dazzling Spray           Conj/Hex       #.....       93%         3    ####...
 Inner Flame              Hex/Fire       #.......     93%         3    ####...
 Tukima's Dance           Hex            #.......     93%         3    ####...
 Sticky Flame             Conj/Fire      #.......     100%        4    #####..
 Fireball                 Conj/Fire      #.........   100%        5    ######.


Dungeon Overview and Level Annotations

Branches:
Dungeon (9/15)             Temple (1/1) D:7            Lair (0/6) D:8
    Orc: D:9-12

Altars:
Elyvilon
Gozag
Hepliaklqana
Nemelex Xobeh
Okawaru
Qazlal
Ru
Sif Muna
Trog
Uskayaw
Vehumet
Wu Jian
Xom
Yredelemnul

Shops:
D:9 !

Annotations:
D:3 2 transporters
D:7 exclusion: statue


Innate Abilities, Weirdness & Mutations

You have razor-sharp teeth.
Your natural rate of healing is unusually fast.
When hurt, damage is shared between your health and your magic reserves.
Your bite disrupts and absorbs the magic of your enemies.
Potions cannot restore your health.
You are immune to rotting.


Message History

The orc warrior hits you from afar with a +0 glaive!
* * * LOW HITPOINT WARNING * * *
You block the orc's attack.
You slash the ogre! Your bite misses the ogre.
The ogre is severely wounded.
You block the ogre's attack.
You slash the ogre!
You kill the ogre!
Okawaru accepts your kill. You block the orc's attack.
The orc warrior closely misses you.
You slash the orc!
You kill the orc!
Okawaru accepts your kill.
The orc warrior hits you from afar with a +0 glaive!
* * * LOW HITPOINT WARNING * * *
The acid dragon spits acid at you. The splash of acid hits you!
* * * LOW HITPOINT WARNING * * *
You are splashed with acid!
You die...

. .# .. .# ...
.## .... ..
.^.oo .#
.>.o..###.#
..........#
.#.#####o.######
#@)D.......
#)#........
#....######
......#
####.....
#...### #.###
..#


You could see an orc warrior and an acid dragon.

Vanquished Creatures
  A queen bee (D:8)
  Grinder (D:3)
  Sigmund (D:6)
  Grum (D:8)
  A hungry ghost (D:7)
  A water moccasin (D:9)
  Duvessa (D:7)
  An orc warrior (D:7)
  4 ice beasts
  A necrophage (D:6)
  5 ogres
  4 wolves
  A centaur (D:6)
  3 bullfrogs
  Dowan (D:7)
  14 killer bees
  A crimson imp (D:8)
  2 bullfrog zombies
  4 hounds
  4 jellies
  A centaur skeleton (D:4)
  2 bullfrog skeletons (D:6)
  9 orc priests
  7 orc wizards
  7 worker ants
  A hound zombie (D:9)
  2 hound skeletons
  A howler monkey skeleton (D:4)
  7 adders
  An ooze (D:1)
  3 adder skeletons
  2 worms
  4 dart slugs
  3 leopard geckos
  38 orcs
  6 bats
  8 giant cockroaches
  6 goblins
  7 hobgoblins
  3 iguanas
  5 quokkas
  3 ball pythons
  A ball python skeleton (D:4)
  4 frilled lizards
  12 kobolds
  A quokka skeleton (D:5)
  2 quokka zombies (D:6)
  3 rats
201 creatures vanquished.

Notes
Turn   | Place    | Note
-------+----------+-------------------------------------------
     0 | D:1      | gruber the Vine Stalker Fighter began the quest for the
                  | Orb.
     0 | D:1      | Reached XP level 1. HP: 11/11 MP: 2/2
   135 | D:1      | Reached XP level 2. HP: 6/16 MP: 3/3
   729 | D:1      | Reached XP level 3. HP: 10/19 MP: 2/4
  1545 | D:2      | Gained mutation: Your natural rate of healing is unusually
                  | fast. [Vine Stalker growth]
  1545 | D:2      | Reached XP level 4. HP: 23/23 MP: 5/5
  2062 | D:3      | Noticed Grinder
  2076 | D:3      | Killed Grinder
  2076 | D:3      | Reached skill level 5 in Long Blades
  2076 | D:3      | Reached XP level 5. HP: 16/27 MP: 6/6
  2076 | D:3      | Reached XP level 6. HP: 20/32 MP: 7/7
  2209 | D:3      | Found a white marble altar of Elyvilon.
  2212 | D:3      | Found an ornate altar of the Wu Jian Council.
  2216 | D:3      | Found an opulent altar of Gozag.
  2344 | D:3      | Found a sparkling altar of Nemelex Xobeh.
  2347 | D:3      | Found a transporter.
  2372 | D:3      | Found a transporter.
  2650 | D:4      | Reached XP level 7. HP: 35/35 MP: 8/8
  3312 | D:4      | Found a shimmering altar of Xom.
  3490 | D:5      | Entered Level 5 of the Dungeon
  3673 | D:5      | Gained mutation: You have razor-sharp teeth. [Vine Stalker
                  | growth]
  3673 | D:5      | Reached XP level 8. HP: 37/39 MP: 7/9
  3685 | D:5      | Found a basalt altar of Yredelemnul.
  3709 | D:5      | You fall into a shaft and drop 3 floors!
  3851 | D:8      | Noticed Grum
  4006 | D:6      | Reached skill level 5 in Shields
  4303 | D:6      | Noticed Sigmund
  4320 | D:6      | Killed Sigmund
  4320 | D:6      | Reached XP level 9. HP: 13/43 MP: 8/10
  4676 | D:5      | Got an ancient marble ring
  5014 | D:7      | Found a shimmering altar of Xom.
  5030 | D:7      | Noticed Dowan
  5031 | D:7      | Noticed Duvessa
  5066 | D:7      | Killed Dowan
  5311 | D:7      | Reached skill level 5 in Fighting
  5613 | D:7      | Found a staircase to the Ecumenical Temple.
  5621 | Temple   | Entered the Ecumenical Temple
  5651 | Temple   | Became a worshipper of Warmaster Okawaru
  5797 | D:7      | Found a radiant altar of Vehumet.
  5819 | D:7      | Killed Duvessa
  6213 | D:8      | Reached * piety under Okawaru
  6213 | D:8      | Reached XP level 10. HP: 36/55 MP: 9/11
  6227 | D:8      | Killed Grum
  6227 | D:8      | Reached skill level 1 in Invocations
  6622 | D:8      | Found a bloodstained altar of Trog.
  7001 | D:8      | Reached skill level 5 in Invocations
  7005 | D:8      | Found a staircase to the Lair.
  7122 | D:9      | Found Dyisisir's Distillery.
  7156 | D:9      | Bought a potion of resistance for 130 gold pieces
  7156 | D:9      | Bought a potion of brilliance for 52 gold pieces
  7212 | D:9      | Identified the ring of Tudunwi {*Tele Dex+2} (You found it
                  | on level 5 of the Dungeon)
  7213 | D:9      | Found a sacrificial altar of Ru.
  7246 | D:9      | Found a stormy altar of Qazlal.
  7273 | D:9      | You fall into a shaft and drop 3 floors!
  7295 | D:12     | HP: 1/55 [acid dragon/splash of acid (5)]
  7295 | D:12     | Splashed by an acid dragon's acid

Levels and vault maps discovered:
D:1:      dpeg_arrival_lava_altar, layout_loops_cross, kennysheep_another_room,
          hangedman_feature_mirror
D:2:      layout_loops_corners
D:3:      layout_rooms, minitemple, gammafunk_temple_overflow_arena,
          hangedman_decor_slide_cut, uniq_grinder
D:4:      layout_basic, hangedman_decor_growths, dk_xom_monty_hall
D:5:      layout_rooms, kennysheep_mini_moat, first_ration, minivault_11
D:6:      layout_rooms, uniq_sigmund
D:7:      layout_layer_cave, vehumet_statue, overflow_temple_1_default,
          minmay_temple_entry_offerings, uniq_duvessa
D:8:      layout_basic, lemuel_round_altar, lair_entry_dummy, hex_medium,
          david_nohive_1, minmay_starry_boxes, uniq_grum
D:9:      layout_basic, grunt_temple_overflow_open, serial_shops,
          nicolae_shop_statue_plus, hangedman_abyss_or_decor_stagger,
          chequers_serial_rivers_room_b, st_stairs_3
D:12:     layout_loops_ring, mikee_hates_you
Temple:   cyrus_temple_forest

Skill      XL: |  1  2  3  4  5  6  7  8  9 10 |
---------------+-------------------------------+-----
Long Blades    | 2 3 5 6 8 |  8.0
Shields        | 3 7 8 |  8.0
Fighting       | 7 |  7.1
Invocations    | 5 |  5.0
Armour         | 3 |  3.3

Action                   |  1- 3 |  4- 6 |  7- 9 | 10-12 || total
-------------------------+-------+-------+-------+-------++-------
Melee: Long sword        |   124 |    91 |   495 |   154 ||   864
       Bite              |    21 |    20 |   166 |    41 ||   248
Invok: Heroism           |       |       |       |     4 ||     4
  Use: Potion            |       |     1 |     7 |       ||     8
       Scroll            |       |       |       |     5 ||     5
  Eat: Chunk             |     2 |     3 |    12 |     3 ||    20
       Ration            |       |       |     2 |       ||     2
Armor: Scale mail        |    58 |    38 |   150 |       ||   246
       Ring mail         |       |       |    23 |    50 ||    73
Dodge: Dodged            |    29 |    22 |   111 |    57 ||   219
Block: Shield            |    68 |    40 |   272 |   121 ||   501
       Rpst.: Long sword |     8 |     7 |    33 |    16 ||    64

Table legend:
 A = Non-vault XP
 B = Vault XP
 C = Vault XP percentage of total XP
 D = Non-vault monster count
 E = Vault monster count
 F = Vault count percentage of total count
                 A         B        C        D         E       F
            +---------+---------+-------+---------+---------+-------
      Total |    3716 |    2839 |  43.3 |     168 |      33 |  16.4
            +---------+---------+-------+---------+---------+-------
        D:1 |      48 |       3 |   5.9 |      25 |       2 |   7.4
        D:2 |      51 |       0 |   0.0 |      19 |       0 |   0.0
        D:3 |     154 |     272 |  63.8 |      22 |       1 |   4.3
        D:4 |     497 |      45 |   8.3 |      19 |       2 |   9.5
        D:5 |     430 |       0 |   0.0 |      14 |       0 |   0.0
        D:6 |    1251 |     292 |  18.9 |      32 |       2 |   5.9
        D:7 |     769 |     317 |  29.2 |      23 |       3 |  11.5
        D:8 |     223 |    1725 |  88.6 |       6 |      21 |  77.8
        D:9 |     120 |     185 |  60.7 |       4 |       2 |  33.3
       D:12 |     173 |       0 |   0.0 |       4 |       0 |   0.0
            +---------+---------+-------+---------+---------+-------
